 Dungeon Crawl Stone Soup version 0.18-a0-731-ga019a5f (webtiles) character file.

121 Ijustatesigmund the Covert (level 4, -5/21 HPs)
             Began as a Spriggan Conjurer on Dec 9, 2015.
             Killed by divine providence
             ... invoked by an orc priest
              (10 damage)
             ... on level 3 of the Dungeon.
             The game lasted 00:08:59 (1845 turns).

Ijustatesigmund the Covert (Spriggan Conjurer)      Turns: 1845, Time: 00:09:00

Health: -5/21      AC:  5    Str:  0    XL:     4   Next: 77%
Magic:  14/14      EV: 23    Int: 17    God:
Gold:   90         SH:  0    Dex: 16    Spells: 3 memorised, 12 levels left

rFire  . . .     SeeInvis +     e - +2 short sword (elec)
rCold  . . .     Clarity  .     a - +0 robe
rNeg   . . .     SustAt   .     (shield restricted)
rPois  .         Gourm    .     (helmet restricted)
rElec  .         Spirit   .     d - +2 cloak
rCorr  .         Dismiss  .     (gloves unavailable)
rMut   .         Rnd*Tele +     (boots unavailable)
MR     .....                    j - amulet of rage
Stlth  +++++.....               i - ring of teleportation (curse)
                                h - -4 ring of strength (curse)

@: slowed, lost strength, quick, not resistant to hostile enchantments, quite
stealthy
A: unfitting armour, see invisible, herbivore 3, speed 3, slow metabolism 2
a: Evoke Berserk Rage, Evoke Teleportation


You were on level 3 of the Dungeon.
You were not hungry.

You visited 1 branch of the dungeon, and saw 3 of its levels.

You collected 90 gold pieces.

Inventory:

Hand Weapons
 e - a +2 short sword of electrocution (weapon)
Armour
 a - a +0 robe (worn)
 d - a +2 cloak (worn)
 g - a +1 pair of gloves
Jewellery
 h - a cursed -4 ring of strength (left hand)
 i - a cursed ring of teleportation (right hand)
 j - an amulet of rage (around neck)
Scrolls
 f - a scroll of identify
Books
 b - a book of Conjurations

   Spells                             Type                      Level
   a - Magic Dart                     Conjuration                  1
   b - Searing Ray                    Conjuration                  2
   c - Dazzling Spray                 Conjuration/Hexes            3
   d - Fulminant Prism                Conjuration/Hexes            4
   e - Iskenderun's Mystic Blast      Conjuration                  4
   f - Iskenderun's Battlesphere      Conjuration/Charms           5
Comestibles
 c - a bread ration


   Skills:
 + Level 0.2 Fighting
 - Level 5.4 Short Blades
 - Level 8.0 Dodging
 - Level 9.2 Stealth
 - Level 7.6 Spellcasting
 - Level 3.0 Conjurations


You had 12 spell levels left.
You knew the following spells:

 Your Spells              Type           Power        Failure   Level  Hunger
a - Magic Dart            Conj           ###.         3%          1    None
b - Searing Ray           Conj           ###...       6%          2    None
c - Dazzling Spray        Conj/Hex       ##......     21%         3    ##.....


Dungeon Overview and Level Annotations

Branches:
Dungeon (3/15)

Altars:
Zin

Annotations:
D:2 Natasha


Innate Abilities, Weirdness & Mutations

You are tiny and cannot use many weapons and most armour.
You have supernaturally acute eyesight.
You are a herbivore.
You cover ground extremely quickly.
You need consume almost no food.


Message History

The orc priest shouts!
An orc comes into view. It is wielding a dagger.
The orc shouts!
The orc completely misses you.
A bat, an adder, 2 orcs and an orc wizard come into view.
The orc priest mumbles some strange prayers to Beogh against you.
Something smites you!
Ouch! That really hurt!
* * * LOW HITPOINT WARNING * * *
The orc wizard mumbles some strange words.
The orc wizard flickers and vanishes for a moment.
You aren't carrying any potions.
Unknown command.
Read which item? (? for menu, Esc to quit)
Okay, then.
The orc closely misses you. The bat misses you.
The orc priest mumbles some strange prayers to Beogh against you.
Something smites you!
You die...

.#.# #...............#.#
.#.# ##...............#.#
.#.# #......).........#.#
.#.###...#.##.........#.#
.#.#....##.############
.#.#.#.....# .......
##.#.#)....# #....#
##.#.#..##.# #..b.#
##.#.#..##.# #@...#
.#.#.#..##.# #oo.o######
.#.#.#.....# #o.oo......
.#.#.......# #.ooo.S....
...####.##.# ###..o.....
...........# #........
..#####.#### #........
..## #.# .........
...####.###... .........


You could see an orc priest, an orc wizard (invisible), an adder, 8 orcs and a
bat.

Vanquished Creatures
  An adder (D:2)
  A worm (D:2)
  An orc (D:3)
  A ball python (D:1)
  3 giant cockroaches
  3 goblins
  12 hobgoblins
  6 jackals
  7 bats
  A giant newt (D:2)
  6 kobolds
  4 rats
46 creatures vanquished.

Notes
Turn   | Place    | Note
--------------------------------------------------------------
     0 | D:1      | Ijustatesigmund the Spriggan Conjurer began the quest for the Orb.
     0 | D:1      | Reached XP level 1. HP: 9/9 MP: 5/5
   185 | D:1      | Reached XP level 2. HP: 13/13 MP: 7/7
   939 | D:2      | Reached XP level 3. HP: 16/16 MP: 9/9
   943 | D:2      | Reached skill level 4 in Stealth
   982 | D:2      | Noticed Natasha
  1311 | D:3      | Lost strength.
  1371 | D:3      | Reached skill level 5 in Short Blades
  1371 | D:3      | Reached skill level 8 in Dodging
  1371 | D:3      | Reached skill level 9 in Stealth
  1371 | D:3      | Reached XP level 4. HP: 21/21 MP: 9/14
  1375 | D:3      | Learned a level 2 spell: Searing Ray
  1379 | D:3      | Learned a level 3 spell: Dazzling Spray
  1631 | D:3      | Found a glowing silver altar of Zin.
  1845 | D:3      | Killed from afar by an orc priest

Vault maps used:
D:1:      onia_arrival_pyramid, serial_curves, eino_curves_01, eino_curves_02
D:2:      ecumenical_altar_1, uniq_natasha
D:3:      overflow_temple_1_default

Action                   |  1- 3 |  4- 6 || total
-------------------------+-------+-------++-------
Melee: Whip              |   103 |       ||   103
       Unarmed           |     1 |       ||     1
       Short sword       |    26 |    30 ||    56
  Use: Scroll            |     5 |     2 ||     7
       Potion            |     2 |       ||     2
 Stab: Sleeping          |    11 |     3 ||    14
